 Dungeon Crawl Stone Soup version 0.28-a0-674-gdaf460b524 (webtiles) character file.

Game seed: 194784311861448805

45955 demibob the Blocker (level 14, -16/108 HPs)
             Began as a Gnoll Wanderer on Oct 17, 2021.
             Was an Elder of Okawaru.
             Demolished by an orc knight (21 damage)
             ... on level 2 of the Orcish Mines on Oct 18, 2021.
             The game lasted 01:12:49 (32151 turns).

demibob the Blocker (Gnoll Wanderer)               Turns: 32151, Time: 01:12:49

Health: -16/108    AC: 24    Str: 16    XL:     14   Next: 35%
Magic:  26/28      EV: 16    Int: 14    God:    Okawaru [****..]
Gold:   2399       SH:  0    Dex: 15    Spells: 29/33 levels left

rFire   . . .      SeeInvis +   a - +11 plutonium sword {Contam Stlth-}
rCold   . . .      Faith    .   (shield currently unavailable)
rNeg    . . .      Spirit   .   k - +3 scale mail
rPois   .          Reflect  .   G - +1 hat {Int+3}
rElec   .          Harm     .   x - +1 cloak
rCorr   .          Rampage  .   y - +0 pair of gloves
Will    +....                   i - +1 pair of boots
Stlth   ++++......              P - amulet of the acrobat
HPRegen 0.28/turn               T - +4 ring of protection
MPRegen 0.21/turn               v - ring of see invisible

@: about to teleport, heroic, studying Shields
A: fangs 1, strong nose, distributed training, hooves 1, sense surroundings 1,
strong 1
a: Renounce Religion, Heroism, Finesse


You were on level 2 of the Orcish Mines.
You worshipped Okawaru.
Okawaru was greatly pleased with you.
You visited 4 branches of the dungeon, and saw 22 of its levels.
You also visited: Ossuary and Bailey.

You collected 2523 gold pieces.
You spent 124 gold pieces at shops.


Innate Abilities, Weirdness & Mutations

You have very sharp teeth.
Your uncanny sense of smell can sniff out nearby items.
Your experience applies equally to all skills.
You have large cloven feet.
You passively map a small area around you.
Your muscles are strong. (Str +2)


   Skills:
 + Level 9.5(14.5) Fighting
 + Level 9.1(14.1) Short Blades
 + Level 9.5(14.5) Long Blades
 + Level 9.1(14.1) Axes
 + Level 9.1(14.1) Maces & Flails
 + Level 9.1(14.1) Polearms
 + Level 9.1(14.1) Staves
 + Level 9.1(14.1) Slings
 + Level 9.1(14.1) Bows
 + Level 9.1(14.1) Crossbows
 + Level 9.1(14.1) Throwing
 + Level 9.1(14.1) Armour
 + Level 9.1(14.1) Dodging
 + Level 10.1(15.1) Stealth
 + Level 11.6(16.6) Shields
 + Level 9.1(14.1) Unarmed Combat
 + Level 10.4 Spellcasting
 + Level 7.6 Conjurations
 + Level 7.6 Hexes
 + Level 7.6 Summonings
 + Level 7.6 Necromancy
 + Level 7.6 Translocations
 + Level 7.6 Transmutations
 + Level 7.6 Fire Magic
 + Level 7.6 Ice Magic
 + Level 7.6 Air Magic
 + Level 9.5 Earth Magic
 + Level 7.6 Poison Magic
 + Level 10.0 Invocations
 + Level 9.1 Evocations


You had 29 spell levels left.
You knew the following spells:

 Your Spells              Type           Power      Damage    Failure   Level
w - Stone Arrow           Conj/Erth      62%        3d10      2%          3
z - Shock                 Conj/Air       100%       1d9       1%          1

Your spell library contained the following spells:

 Spells                   Type           Power      Damage    Failure   Level
 Freeze                   Ice            100%       1d11      1%          1
 Magic Dart               Conj           100%       1d8       1%          1
 Sandblast                Erth           66%        2d15      1%          1
 Passwall                 Tmut/Erth      25%        N/A       1%          2
 Searing Ray              Conj           56%        2d6       1%          2
 Sublimation of Blood     Necr           14%        N/A       1%          2
 Conjure Flame            Conj/Fire      28%        6-21      3%          3
 Dazzling Flash           Conj/Hex       56%        N/A       3%          3
 Frozen Ramparts          Ice            56%        1d7       3%          3
 Inner Flame              Hex/Fire       28%        N/A       3%          3
 Petrify                  Tmut/Erth      31%        N/A       8%          4
 Cause Fear               Hex            14%        N/A       11%         4
 Fulminant Prism          Conj/Hex       14%        3d9       11%         4
 Hailstorm                Conj/Ice       28%        3d8       11%         4
 Iskenderun's Mystic Bla  Conj/Tloc      28%        2d7       11%         4
 Borgnjor's Vile Clutch   Necr/Erth      15%        N/A       21%         5
 Irradiate                Conj/Tmut      14%        3d18      30%         5
 Conjure Ball Lightning   Conj/Air       14%        3x3d6     86%         6
 Starburst                Conj/Fire      14%        6d6       86%         6
 Discord                  Hex            14%        N/A       100%        8
 Disjunction              Tloc           14%        N/A       100%        8
 Animate Dead             Necr           Unusable   N/A       N/A         4
 Death Channel            Necr           Unusable   N/A       N/A         6

Inventory:

Hand Weapons
 a - the +11 plutonium sword (weapon) {Contam Stlth-}
   (You found it on level 2 of the Lair of Beasts)

   It occasionally inflicts wild transmutation effects on those it strikes,
   inflicting malmutation or extra damage, or polymorphing them into a new form.
   Contam:    It causes magical contamination when unequipped.
   Stlth:     It makes you less stealthy.
 c - a +3 whip of electrocution
Missiles
 e - 4 bolts
 j - 25 poisoned darts
 A - 2 atropa-tipped darts
 E - 5 silver boomerangs
Armour
 i - a +1 pair of boots (worn)
 k - a +3 scale mail (worn)
 r - a +2 buckler of cold resistance
 x - a +1 cloak (worn)
 y - a +0 pair of gloves (worn)
 D - +0 ice dragon scales
 G - a +1 hat of intelligence (worn)
Magical Staves
 H - a staff of poison {!a}
Jewellery
 v - a ring of see invisible (right hand)
 C - a ring of ice
 F - a ring of fire
 L - a ring of flight
 P - an amulet of the acrobat (around neck)
 R - a ring of resist corrosion
 T - a +4 ring of protection (left hand)
 Z - a ring of wizardry
Wands
 b - a wand of paralysis (17)
 q - a wand of polymorph (7)
Scrolls
 f - 2 scrolls of teleportation {@r2}
 g - 3 scrolls of amnesia
 l - 2 scrolls of enchant armour
 m - 4 scrolls of enchant weapon
 o - a scroll of torment
 p - 5 scrolls of magic mapping
 t - 2 scrolls of fog
 I - 2 scrolls of identify {@r1}
Potions
 h - a potion of brilliance
 s - 4 potions of flight
 u - 2 potions of degeneration
 w - 2 potions of mutation
 z - 2 potions of attraction
 B - 2 potions of lignification
 S - a potion of ambrosia
Miscellaneous
 N - a piece from Xom's chessboard (15/15)

Dungeon Overview and Level Annotations

Branches:
Dungeon (13/15)            Temple (1/1) D:5            Lair (6/6) D:10
 Shoals (0/4) Lair:4        Snake (0/4) Lair:4          Orc (2/2) D:12
Ossuary (visited)          Bailey (visited)
  Slime: Lair:5-6       Elf: Orc:2       Vaults: D:13-14

Altars:
Ashenzari
Dithmenos
Elyvilon
Makhleb
Nemelex Xobeh
Okawaru
Ru
Sif Muna
Trog
Vehumet
Wu Jian
Zin
Beogh

Shops:
D:6 *   D:13 (   Orc:2 [

Annotations:
D:4 1 transporter, BuzzyBeetle's ghost, amateur DrAE
Lair:1 exclusion: hydra
Lair:3 exclusion: oklob plant
Lair:5 exclusion: hydra
Orc:2 exclusion: door

§§§## ▓...▓ ##### *▒§≈≈▒
▓▓..$▓▓ ##...## ▒≈≈≈▒
▓.....▓ ##.....# ▒§≈§▒
..... #.....### ▒§≈≈▒ ...,
#.....#.. ▒...▒ *▓o▓
##........ ▒...▒ ▒h▒
##......... ▒▒▒)▒▒▒▒▒▒o▒
#..#....... ▒...▒....@.▒
##......... ▒.▒▒▒'▒▒▒▒▒▒
##........ ▒.▒.....▒
#.#####.#..... ▒.'..⚑..▒
#....######.[. ▒.▒.....▒
#......####..
▒.▒▒▒'▒▒▒▒▒▒▒#........###.
▒.....▒.....▒..........###
▒▒▒▒▒.▒.....▒....<.......#
▒∩..▒.').⌠..▒.............


You could see 2 orc knights and a warg.


Message History

The orc knight hits you but does no damage.
Your scale mail prevents you from hitting the orc sorcerer.
The orc sorcerer is heavily wounded.
The orc knight roars a battlecry!
The orc knight goes into a battle-frenzy!
The orc sorcerer gestures wildly while chanting.
The orc knight misses you.
You slice the orc sorcerer!!
You kill the orc sorcerer!
Okawaru accepts your kill.
The hellwing disappears in a puff of smoke!
The orc knight hits you from afar with a +1 halberd.
The orc knight hits you with a +1 halberd!!!
You slice the orc knight!!
The orc knight is moderately wounded.
The orc knight hits you with a +1 halberd!!
* * * LOW HITPOINT WARNING * * *
You are too injured to fight recklessly!
Use which ability? (? or * to list)
You gain the combat prowess of a mighty hero.
The orc knight hits you with a +1 halberd!
* * * LOW HITPOINT WARNING * * *
You closely miss the orc knight.
The orc knight is moderately wounded.
The orc knight hits you with a +1 halberd!!
* * * LOW HITPOINT WARNING * * *
As you read the scroll of teleportation {@r2}, it crumbles to dust.
You feel strangely unstable.
The orc knight hits you with a +1 halberd!!
You die...

Skill      XL: |  1  2  3  4  5  6  7  8  9 10 11 12 13 14 |
---------------+-------------------------------------------+-----
Spellcasting   | 5 6 7 8 9 10 | 10.4
Invocations    | 1 2 3 4 5 6 7 8 9 10 | 10.0
Short Blades   | 1 2 3 4 5 6 7 8 9 |  9.1
Axes           | 1 2 3 4 5 6 7 8 9 |  9.1
Maces & Flails | 1 2 3 4 5 6 7 8 9 |  9.1
Polearms       | 1 2 3 4 5 6 7 8 9 |  9.1
Staves         | 1 2 3 4 5 6 7 8 9 |  9.1
Slings         | 1 2 3 4 5 6 7 8 9 |  9.1
Bows           | 1 2 3 4 5 6 7 8 9 |  9.1
Crossbows      | 1 2 3 4 5 6 7 8 9 |  9.1
Throwing       | 1 2 3 4 5 6 7 8 9 |  9.1
Armour         | 1 2 3 4 5 6 7 8 9 |  9.1
Dodging        | 1 2 3 4 5 6 7 8 9 |  9.1
Unarmed Combat | 1 2 3 4 5 6 7 8 9 |  9.1
Evocations     | 1 2 3 4 5 6 7 8 9 |  9.1
Conjurations   | 1 2 3 4 5 6 7 |  7.6
Hexes          | 1 2 3 4 5 6 7 |  7.6
Summonings     | 1 2 3 4 5 6 7 |  7.6
Necromancy     | 1 2 3 4 5 6 7 |  7.6
Translocations | 1 2 3 4 5 6 7 |  7.6
Transmutations | 1 2 3 4 5 6 7 |  7.6
Fire Magic     | 1 2 3 4 5 6 7 |  7.6
Ice Magic      | 1 2 3 4 5 6 7 |  7.6
Air Magic      | 1 2 3 4 5 6 7 |  7.6
Poison Magic   | 1 2 3 4 5 6 7 |  7.6
Fighting       | 3 4 5 6 7 8 9 |  9.5
Long Blades    | 3 4 5 6 7 8 9 |  9.5
Shields        | 3 4 5 6 8 9 11 | 11.6
Stealth        | 5 6 7 8 9 10 | 10.1
Earth Magic    | 6 7 8 9 |  9.5

Action                   |  1- 3 |  4- 6 |  7- 9 | 10-12 | 13-15 || total
-------------------------+-------+-------+-------+-------+-------++-------
Melee: Falchion          |    37 |       |       |       |       ||    37
       Bite              |     4 |    12 |    49 |   100 |    43 ||   208
       Whip              |    52 |   151 |   278 |   659 |       ||  1140
       Unarmed           |       |       |    37 |    37 |       ||    74
       Triple sword      |       |       |       |   201 |   446 ||   647
       War axe           |       |       |       |    27 |       ||    27
       Punch             |       |       |       |     4 |       ||     4
 Fire: Arbalest          |       |       |       |    44 |       ||    44
Throw: Dart              |    20 |    96 |    68 |    40 |       ||   224
 Cast: Shock             |    15 |    63 |    18 |    26 |       ||   122
       Stone Arrow       |       |       |       |       |    36 ||    36
Invok: Heroism           |       |       |     2 |    23 |    21 ||    46
       Finesse           |       |       |       |     3 |     5 ||     8
Evoke: Wand              |       |     4 |    12 |    14 |     3 ||    33
  Use: Scroll            |     4 |       |    13 |    14 |    10 ||    41
       Potion            |     2 |     1 |     2 |     8 |     9 ||    22
 Stab: Sleeping          |     3 |     1 |     3 |     3 |     6 ||    16
       Paralysed         |       |     6 |    30 |       |     1 ||    37
       Distracted        |       |       |       |       |     2 ||     2
Armor: Robe              |     9 |    33 |    49 |       |       ||    91
       Skin              |     9 |       |       |       |       ||     9
       Scale mail        |       |       |    64 |   493 |   295 ||   852
Dodge: Dodged            |    49 |    56 |   122 |   498 |   385 ||  1110
Block: Buckler           |       |    19 |    65 |   154 |       ||   238

Levels and vault maps discovered:
D:1:      onia_arrival_zoo_common, layout_loops_cross,
          shapermc_ecumenical_altar_mp_urbaneastern, minmay_ruptured
D:2:      layout_basic
D:3:      layout_basic, lemuel_doored_altar
D:4:      wad_woods_settlement, layout_rooms, mainiacjoe_overflow_cross_hatched,
          enter_ossuary_1, gammafunk_ghost_smash, kennysheep_small_spiral,
          uniq_grinder, uniq_natasha
D:5:      layout_basic, mainiacjoe_overflow_brackets,
          minmay_temple_entry_large_hall, uniq_edmund
D:6:      layout_gridville, makhleb_heckhound_becter, serial_shops, shop
D:7:      layout_loops_ring, minmay_chambers_of_fives, uniq_menkaure,
          uniq_duvessa
D:8:      layout_basic, uniq_grum, uniq_joseph
D:9:      layout_cave_pods, nemelex_xobeh_ov_fountains_minmay,
          minmay_hedge_maze, roderic_lattice_a, hangedman_tell_no_tales
D:10:     layout_stronghold, vehumet_crystals, erik_lair_orcish_takeover,
          enter_bailey_3
D:11:     layout_stronghold
D:12:     layout_gridville, orc_0_dummy, nicolae_ru_great_annihilating_truth,
          uniq_jorgrun, uniq_nergalle, uniq_snorg
D:13:     layout_grid_maze, grunt_vaults_entry_fortified, serial_shops,
          shop_fountains
Temple:   eino_temple_scatter_basement
Lair:1:   layout_regular_city, infiniplex_staircase_pool_2, grunt_megastairs_1
Lair:2:   layout_cave_pods, uniq_fannar
Lair:3:   layout_regular_city, basic_altar
Lair:4:   layout_small_grid, minmay_shoals_entry_lonely_mermaid,
          guppyfry_snake_entry_island, grunt_forest_stairs_clearing
Lair:5:   layout_cave_pods
Lair:6:   hangedman_lair_caniforms_friends, layout_loops_ring, wormcave,
          nicolae_slime_entry_slimehenge, grunt_megastairs_5
Orc:1:    layout_diamond_mine, serial_shops, uniq_erica
Orc:2:    pubby_orc_utopia, serial_shops

Notes
Turn   | Place    | Note
-------+----------+-------------------------------------------
     0 | D:1      | demibob the Gnoll Wanderer began the quest for the Orb.
     0 | D:1      | demibob set off with the following items: a +2 falchion, a
                  | potion of lignification, a +0 robe, a +0 dagger; and the
                  | following spell memorised: Shock; and the following spells
                  | available to memorise: Conjure Flame
     0 | D:1      | Reached XP level 1. HP: 17/17 MP: 6/6
     6 | D:1      | Noticed a killer bee
     6 | D:1      | Noticed a polar bear
     6 | D:1      | Noticed a water moccasin
     6 | D:1      | Noticed a komodo dragon
   134 | D:1      | Reached XP level 2. HP: 16/23 MP: 2/7
   677 | D:1      | Reached XP level 3. HP: 28/28 MP: 5/9
   718 | D:1      | Reached skill level 5 in Spellcasting
  1187 | D:1      | Found a faded altar of an unknown god.
  1322 | D:1      | Reached skill level 1 in Invocations
  1634 | D:2      | Gained mutation: Your muscles are strong. (Str +2) [potion
                  | of mutation]
  1634 | D:2      | Gained mutation: You passively map a small area around you.
                  | [potion of mutation]
  1634 | D:2      | Gained mutation: You have large cloven feet. [potion of
                  | mutation]
  1920 | D:2      | Reached skill level 1 in Short Blades
  1920 | D:2      | Reached skill level 1 in Axes
  1920 | D:2      | Reached skill level 1 in Maces & Flails
  1920 | D:2      | Reached skill level 1 in Polearms
  1920 | D:2      | Reached skill level 1 in Staves
  1920 | D:2      | Reached skill level 1 in Slings
  1920 | D:2      | Reached skill level 1 in Bows
  1920 | D:2      | Reached skill level 1 in Crossbows
  1920 | D:2      | Reached skill level 1 in Throwing
  1920 | D:2      | Reached skill level 1 in Armour
  1920 | D:2      | Reached skill level 1 in Dodging
  1920 | D:2      | Reached skill level 1 in Unarmed Combat
  1920 | D:2      | Reached skill level 1 in Evocations
  2259 | D:2      | Reached XP level 4. HP: 33/34 MP: 11/11
  2720 | D:3      | Reached skill level 1 in Conjurations
  2720 | D:3      | Reached skill level 1 in Hexes
  2720 | D:3      | Reached skill level 1 in Summonings
  2720 | D:3      | Reached skill level 1 in Necromancy
  2720 | D:3      | Reached skill level 1 in Translocations
  2720 | D:3      | Reached skill level 1 in Transmutations
  2720 | D:3      | Reached skill level 1 in Fire Magic
  2720 | D:3      | Reached skill level 1 in Ice Magic
  2720 | D:3      | Reached skill level 1 in Air Magic
  2720 | D:3      | Reached skill level 1 in Poison Magic
  2899 | D:3      | Reached XP level 5. HP: 28/40 MP: 12/12
  2926 | D:3      | Reached skill level 3 in Fighting
  2926 | D:3      | Reached skill level 3 in Long Blades
  2926 | D:3      | Reached skill level 3 in Shields
  3778 | D:3      | Reached skill level 2 in Invocations
  3778 | D:3      | Reached XP level 6. HP: 47/47 MP: 13/13
  3875 | D:3      | Found a shimmering blue altar of Sif Muna.
  3978 | D:4      | Noticed a black bear
  4046 | D:4      | Found a sand-covered staircase.
  4068 | Ossuary  | Entered an ossuary
  4830 | Ossuary  | Reached skill level 2 in Short Blades
  4830 | Ossuary  | Reached skill level 2 in Axes
  4830 | Ossuary  | Reached skill level 2 in Maces & Flails
  4830 | Ossuary  | Reached skill level 2 in Polearms
  4830 | Ossuary  | Reached skill level 2 in Staves
  4830 | Ossuary  | Reached skill level 2 in Slings
  4830 | Ossuary  | Reached skill level 2 in Bows
  4830 | Ossuary  | Reached skill level 2 in Crossbows
  4830 | Ossuary  | Reached skill level 2 in Throwing
  4830 | Ossuary  | Reached skill level 2 in Armour
  4830 | Ossuary  | Reached skill level 2 in Dodging
  4830 | Ossuary  | Reached skill level 2 in Unarmed Combat
  4830 | Ossuary  | Reached skill level 2 in Evocations
  4887 | Ossuary  | Noticed Menkaure
  4901 | Ossuary  | Killed Menkaure
  4913 | Ossuary  | Reached XP level 7. HP: 31/52 MP: 4/15
  5228 | Ossuary  | Identified a scroll of acquirement
  5228 | Ossuary  | Acquired a +1 hat of intelligence
  5496 | D:4      | Noticed Natasha
  5526 | D:4      | Killed Natasha
  5529 | D:4      | Reached skill level 2 in Conjurations
  5529 | D:4      | Reached skill level 2 in Hexes
  5529 | D:4      | Reached skill level 2 in Summonings
  5529 | D:4      | Reached skill level 2 in Necromancy
  5529 | D:4      | Reached skill level 2 in Translocations
  5529 | D:4      | Reached skill level 2 in Transmutations
  5529 | D:4      | Reached skill level 2 in Fire Magic
  5529 | D:4      | Reached skill level 2 in Ice Magic
  5529 | D:4      | Reached skill level 2 in Air Magic
  5529 | D:4      | Reached skill level 2 in Poison Magic
  5655 | D:4      | Noticed Natasha
  5660 | D:4      | Killed Natasha
  5716 | D:4      | Noticed Natasha
  5722 | D:4      | Killed Natasha
  5723 | D:4      | Reached skill level 5 in Stealth
  5729 | D:4      | Reached skill level 3 in Invocations
  5773 | D:4      | Noticed Grinder
  5867 | D:4      | Found a transporter.
  5868 | D:4      | Noticed BuzzyBeetle's ghost (amateur DrAE)
  5882 | D:4      | Killed Grinder
  5883 | D:4      | Reached skill level 4 in Fighting
  5883 | D:4      | Reached skill level 3 in Short Blades
  5883 | D:4      | Reached skill level 4 in Long Blades
  5883 | D:4      | Reached skill level 3 in Axes
  5883 | D:4      | Reached skill level 3 in Maces & Flails
  5883 | D:4      | Reached skill level 3 in Polearms
  5883 | D:4      | Reached skill level 3 in Staves
  5883 | D:4      | Reached skill level 3 in Slings
  5883 | D:4      | Reached skill level 3 in Bows
  5883 | D:4      | Reached skill level 3 in Crossbows
  5883 | D:4      | Reached skill level 3 in Throwing
  5883 | D:4      | Reached skill level 3 in Armour
  5883 | D:4      | Reached skill level 3 in Dodging
  5883 | D:4      | Reached skill level 4 in Shields
  5883 | D:4      | Reached skill level 3 in Unarmed Combat
  5883 | D:4      | Reached skill level 6 in Earth Magic
  5883 | D:4      | Reached skill level 3 in Evocations
  5883 | D:4      | Reached XP level 8. HP: 59/60 MP: 16/16
  6247 | D:4      | Reached skill level 6 in Spellcasting
  6387 | D:4      | Found a broken altar of Ashenzari.
  6430 | D:5      | Entered Level 5 of the Dungeon
  6462 | D:5      | Found a staircase to the Ecumenical Temple.
  6462 | D:5      | Noticed Edmund
  6471 | Temple   | Entered the Ecumenical Temple
  6547 | Temple   | Became a worshipper of Warmaster Okawaru
  7304 | D:5      | Killed Edmund
  7305 | D:5      | Reached skill level 3 in Conjurations
  7305 | D:5      | Reached skill level 3 in Hexes
  7305 | D:5      | Reached skill level 3 in Summonings
  7305 | D:5      | Reached skill level 3 in Necromancy
  7305 | D:5      | Reached skill level 3 in Translocations
  7305 | D:5      | Reached skill level 3 in Transmutations
  7305 | D:5      | Reached skill level 3 in Fire Magic
  7305 | D:5      | Reached skill level 3 in Ice Magic
  7305 | D:5      | Reached skill level 3 in Air Magic
  7305 | D:5      | Reached skill level 3 in Poison Magic
  7305 | D:5      | Reached skill level 4 in Invocations
  7319 | D:5      | Reached * piety under Okawaru
  7320 | D:5      | Reached XP level 9. HP: 52/66 MP: 18/18
  7649 | D:5      | Found a bloodstained altar of Trog.
  7917 | D:5      | Reached skill level 4 in Short Blades
  7917 | D:5      | Reached skill level 4 in Axes
  7917 | D:5      | Reached skill level 4 in Maces & Flails
  7917 | D:5      | Reached skill level 4 in Polearms
  7917 | D:5      | Reached skill level 4 in Staves
  7917 | D:5      | Reached skill level 4 in Slings
  7917 | D:5      | Reached skill level 4 in Bows
  7917 | D:5      | Reached skill level 4 in Crossbows
  7917 | D:5      | Reached skill level 4 in Throwing
  7917 | D:5      | Reached skill level 4 in Armour
  7917 | D:5      | Reached skill level 4 in Dodging
  7917 | D:5      | Reached skill level 4 in Unarmed Combat
  7917 | D:5      | Reached skill level 4 in Evocations
  8357 | D:6      | Found Legua's Assorted Antiques.
  8366 | D:6      | Bought a blackened copper wand for 124 gold pieces
  8381 | D:6      | Identified a potion of resistance
  8697 | D:6      | Found a burning altar of Makhleb.
  8731 | D:6      | Reached skill level 5 in Fighting
  8731 | D:6      | Reached skill level 5 in Long Blades
  8731 | D:6      | Reached skill level 6 in Stealth
  8731 | D:6      | Reached skill level 5 in Shields
  9189 | D:7      | Noticed Duvessa
  9189 | D:7      | Noticed Dowan
  9201 | D:7      | Killed Duvessa
  9205 | D:7      | Killed Dowan
  9256 | D:7      | Noticed a two-headed ogre
  9281 | D:7      | Killed a two-headed ogre
  9281 | D:7      | Reached ** piety under Okawaru
  9282 | D:7      | Reached skill level 5 in Invocations
  9539 | D:7      | Reached skill level 7 in Spellcasting
  9585 | D:7      | Reached XP level 10. HP: 66/74 MP: 20/20
  9765 | D:7      | Reached skill level 4 in Conjurations
  9765 | D:7      | Reached skill level 4 in Hexes
  9765 | D:7      | Reached skill level 4 in Summonings
  9765 | D:7      | Reached skill level 4 in Necromancy
  9765 | D:7      | Reached skill level 4 in Translocations
  9765 | D:7      | Reached skill level 4 in Transmutations
  9765 | D:7      | Reached skill level 4 in Fire Magic
  9765 | D:7      | Reached skill level 4 in Ice Magic
  9765 | D:7      | Reached skill level 4 in Air Magic
  9765 | D:7      | Reached skill level 4 in Poison Magic
  9969 | D:7      | Reached skill level 5 in Short Blades
  9969 | D:7      | Reached skill level 5 in Axes
  9969 | D:7      | Reached skill level 5 in Maces & Flails
  9969 | D:7      | Reached skill level 5 in Polearms
  9969 | D:7      | Reached skill level 5 in Staves
  9969 | D:7      | Reached skill level 5 in Slings
  9969 | D:7      | Reached skill level 5 in Bows
  9969 | D:7      | Reached skill level 5 in Crossbows
  9969 | D:7      | Reached skill level 5 in Throwing
  9969 | D:7      | Reached skill level 5 in Armour
  9969 | D:7      | Reached skill level 5 in Dodging
  9969 | D:7      | Reached skill level 5 in Unarmed Combat
  9969 | D:7      | Reached skill level 5 in Evocations
 10580 | D:8      | Noticed Joseph
 10610 | D:8      | Killed Joseph
 10611 | D:8      | Reached skill level 7 in Earth Magic
 10833 | D:8      | Noticed a gargoyle
 10859 | D:8      | Killed a gargoyle
 10859 | D:8      | Reached *** piety under Okawaru
 11158 | D:8      | Noticed Grum
 11253 | D:8      | Reached skill level 6 in Fighting
 11253 | D:8      | Reached skill level 6 in Long Blades
 11253 | D:8      | Reached skill level 6 in Shields
 11268 | D:8      | Killed Grum
 11772 | D:8      | Reached skill level 6 in Invocations
 11785 | D:8      | Received a gift from Okawaru
 12068 | D:8      | Reached skill level 7 in Stealth
 12185 | D:9      | Noticed a centaur warrior
 12195 | D:9      | Killed a centaur warrior
 12576 | D:9      | Reached **** piety under Okawaru
 13369 | D:9      | Reached XP level 11. HP: 74/83 MP: 22/22
 13628 | D:9      | Found a sparkling altar of Nemelex Xobeh.
 14212 | D:9      | Reached skill level 6 in Short Blades
 14212 | D:9      | Reached skill level 6 in Axes
 14212 | D:9      | Reached skill level 6 in Maces & Flails
 14212 | D:9      | Reached skill level 6 in Polearms
 14212 | D:9      | Reached skill level 6 in Staves
 14212 | D:9      | Reached skill level 6 in Slings
 14212 | D:9      | Reached skill level 6 in Bows
 14212 | D:9      | Reached skill level 6 in Crossbows
 14212 | D:9      | Reached skill level 6 in Throwing
 14212 | D:9      | Reached skill level 6 in Armour
 14212 | D:9      | Reached skill level 6 in Dodging
 14212 | D:9      | Reached skill level 6 in Unarmed Combat
 14212 | D:9      | Reached skill level 6 in Evocations
 14637 | D:10     | Entered Level 10 of the Dungeon
 14649 | D:10     | Found a flagged portal.
 14671 | Bailey   | Entered a bailey
 14673 | Bailey   | Noticed an orc knight
 14678 | Bailey   | Reached skill level 5 in Conjurations
 14678 | Bailey   | Reached skill level 5 in Hexes
 14678 | Bailey   | Reached skill level 5 in Summonings
 14678 | Bailey   | Reached skill level 5 in Necromancy
 14678 | Bailey   | Reached skill level 5 in Translocations
 14678 | Bailey   | Reached skill level 5 in Transmutations
 14678 | Bailey   | Reached skill level 5 in Fire Magic
 14678 | Bailey   | Reached skill level 5 in Ice Magic
 14678 | Bailey   | Reached skill level 5 in Air Magic
 14678 | Bailey   | Reached skill level 5 in Poison Magic
 14736 | Bailey   | Reached skill level 8 in Spellcasting
 15003 | Bailey   | Killed an orc knight
 15553 | D:10     | Reached skill level 7 in Shields
 15830 | D:10     | Noticed a two-headed ogre
 15854 | D:10     | Killed a two-headed ogre
 15855 | D:10     | Reached skill level 7 in Invocations
 15868 | D:10     | Found a radiant altar of Vehumet.
 15988 | D:10     | Found a staircase to the Lair.
 15993 | D:10     | Reached skill level 7 in Fighting
 15993 | D:10     | Reached skill level 7 in Long Blades
 16036 | D:10     | Received a gift from Okawaru
 16654 | Lair:1   | Entered Level 1 of the Lair of Beasts
 16674 | Lair:1   | You are sucked into a shaft and drop 1 floor!
 17188 | Lair:2   | Noticed Fannar
 17236 | Lair:2   | Killed Fannar
 17236 | Lair:2   | Received a gift from Okawaru
 17794 | Lair:2   | Found the +11 plutonium sword {Contam Stlth-}
 18251 | Lair:1   | Reached skill level 8 in Stealth
 18268 | Lair:1   | HP: 8/84 [polar bear (16)]
 18722 | D:11     | Noticed a green ugly thing
 19378 | D:11     | Noticed a six-headed hydra
 19860 | Lair:1   | Noticed a five-headed hydra
 20031 | Lair:1   | Reached skill level 8 in Shields
 20031 | Lair:1   | Reached skill level 8 in Earth Magic
 20031 | Lair:1   | Reached XP level 12. HP: 69/91 MP: 21/24
 20308 | Lair:1   | Received a gift from Okawaru
 20319 | Lair:1   | Reached skill level 7 in Short Blades
 20319 | Lair:1   | Reached skill level 7 in Axes
 20319 | Lair:1   | Reached skill level 7 in Maces & Flails
 20319 | Lair:1   | Reached skill level 7 in Polearms
 20319 | Lair:1   | Reached skill level 7 in Staves
 20319 | Lair:1   | Reached skill level 7 in Slings
 20319 | Lair:1   | Reached skill level 7 in Bows
 20319 | Lair:1   | Reached skill level 7 in Crossbows
 20319 | Lair:1   | Reached skill level 7 in Throwing
 20319 | Lair:1   | Reached skill level 7 in Armour
 20319 | Lair:1   | Reached skill level 7 in Dodging
 20319 | Lair:1   | Reached skill level 7 in Unarmed Combat
 20319 | Lair:1   | Reached skill level 7 in Evocations
 20963 | Lair:3   | Noticed a five-headed hydra
 20973 | Lair:3   | Killed a five-headed hydra
 21001 | Lair:3   | Found a glowing silver altar of Zin.
 21100 | Lair:3   | Reached skill level 6 in Conjurations
 21100 | Lair:3   | Reached skill level 6 in Hexes
 21100 | Lair:3   | Reached skill level 6 in Summonings
 21100 | Lair:3   | Reached skill level 6 in Necromancy
 21100 | Lair:3   | Reached skill level 6 in Translocations
 21100 | Lair:3   | Reached skill level 6 in Transmutations
 21100 | Lair:3   | Reached skill level 6 in Fire Magic
 21100 | Lair:3   | Reached skill level 6 in Ice Magic
 21100 | Lair:3   | Reached skill level 6 in Air Magic
 21100 | Lair:3   | Reached skill level 6 in Poison Magic
 21408 | Lair:4   | Reached ***** piety under Okawaru
 21422 | Lair:4   | Reached skill level 8 in Invocations
 21527 | Lair:4   | Reached skill level 9 in Spellcasting
 21540 | Lair:4   | Found a staircase to the Snake Pit.
 21549 | Lair:4   | Received a gift from Okawaru
 21550 | Lair:4   | Reached skill level 9 in Shields
 21609 | Lair:4   | Found a staircase to the Shoals.
 21693 | Lair:4   | Reached skill level 8 in Fighting
 21693 | Lair:4   | Reached skill level 8 in Long Blades
 22724 | Lair:4   | Received a gift from Okawaru
 23006 | Lair:4   | Reached skill level 9 in Stealth
 23006 | Lair:4   | Reached XP level 13. HP: 98/99 MP: 24/26
 23382 | Lair:5   | Reached skill level 8 in Short Blades
 23382 | Lair:5   | Reached skill level 8 in Axes
 23382 | Lair:5   | Reached skill level 8 in Maces & Flails
 23382 | Lair:5   | Reached skill level 8 in Polearms
 23382 | Lair:5   | Reached skill level 8 in Staves
 23382 | Lair:5   | Reached skill level 8 in Slings
 23382 | Lair:5   | Reached skill level 8 in Bows
 23382 | Lair:5   | Reached skill level 8 in Crossbows
 23382 | Lair:5   | Reached skill level 8 in Throwing
 23382 | Lair:5   | Reached skill level 8 in Armour
 23382 | Lair:5   | Reached skill level 8 in Dodging
 23382 | Lair:5   | Reached skill level 8 in Unarmed Combat
 23382 | Lair:5   | Reached skill level 8 in Evocations
 23746 | Lair:5   | Learned a level 3 spell: Stone Arrow
 24101 | Lair:5   | Reached skill level 10 in Shields
 24642 | Lair:5   | Received a gift from Okawaru
 24865 | Lair:6   | Entered Level 6 of the Lair of Beasts
 25324 | D:11     | Reached skill level 9 in Invocations
 25518 | D:12     | You fall into a shaft and drop 1 floor!
 25555 | D:12     | Found a staircase to the Orcish Mines.
 25598 | D:12     | Found a sacrificial altar of Ru.
 25663 | D:12     | Noticed Nergalle
 25819 | D:12     | Killed Nergalle
 25819 | D:12     | Received a gift from Okawaru
 25865 | D:12     | Reached skill level 7 in Conjurations
 25865 | D:12     | Reached skill level 7 in Hexes
 25865 | D:12     | Reached skill level 7 in Summonings
 25865 | D:12     | Reached skill level 7 in Necromancy
 25865 | D:12     | Reached skill level 7 in Translocations
 25865 | D:12     | Reached skill level 7 in Transmutations
 25865 | D:12     | Reached skill level 7 in Fire Magic
 25865 | D:12     | Reached skill level 7 in Ice Magic
 25865 | D:12     | Reached skill level 7 in Air Magic
 25865 | D:12     | Reached skill level 9 in Earth Magic
 25865 | D:12     | Reached skill level 7 in Poison Magic
 25877 | D:12     | Noticed Snorg
 25892 | D:12     | Killed Snorg
 26086 | D:12     | Noticed Jorgrun
 26133 | D:12     | Noticed Jorgrun
 26133 | D:12     | Jorgrun changed into Jorgrun the eleionoma
 26135 | D:12     | Killed Jorgrun the eleionoma
 26135 | D:12     | Received a gift from Okawaru
 26412 | D:12     | Reached skill level 9 in Fighting
 26412 | D:12     | Reached skill level 9 in Long Blades
 26581 | D:12     | Received a gift from Okawaru
 26582 | D:12     | Reached skill level 10 in Spellcasting
 26804 | D:13     | Found Lina Futioss's Antique Weapon Shop.
 26907 | D:13     | Received a gift from Okawaru
 27365 | D:13     | Reached skill level 11 in Shields
 27647 | D:13     | Identified the +10 scimitar "Poqier" {drain, Dex+2}
 27661 | D:13     | Noticed a vault guard
 28052 | D:13     | Reached XP level 14. HP: 85/108 MP: 25/28
 29371 | Orc:1    | Entered Level 1 of the Orcish Mines
 29506 | Orc:1    | Noticed Erica
 29519 | Orc:1    | Killed Erica
 29851 | Orc:1    | Reached skill level 9 in Short Blades
 29851 | Orc:1    | Reached skill level 9 in Axes
 29851 | Orc:1    | Reached skill level 9 in Maces & Flails
 29851 | Orc:1    | Reached skill level 9 in Polearms
 29851 | Orc:1    | Reached skill level 9 in Staves
 29851 | Orc:1    | Reached skill level 9 in Slings
 29851 | Orc:1    | Reached skill level 9 in Bows
 29851 | Orc:1    | Reached skill level 9 in Crossbows
 29851 | Orc:1    | Reached skill level 9 in Throwing
 29851 | Orc:1    | Reached skill level 9 in Armour
 29851 | Orc:1    | Reached skill level 9 in Dodging
 29851 | Orc:1    | Reached skill level 9 in Unarmed Combat
 29851 | Orc:1    | Reached skill level 9 in Evocations
 30589 | Orc:2    | Entered Level 2 of the Orcish Mines
 30697 | Orc:2    | Reached skill level 10 in Stealth
 31165 | Orc:2    | Received a gift from Okawaru
 31425 | Orc:2    | Noticed an orc warlord
 31769 | Orc:2    | Reached skill level 10 in Invocations
 31898 | Orc:2    | Found Jaid's Antique Armour Emporium.
 32150 | Orc:2    | HP: 5/108 [orc knight (27)]
 32151 | Orc:2    | Demolished by an orc knight

Vanquished Creatures
  An eleionoma (D:12)
  Snorg (D:12)
  An ettin (Orc:2)
  Fannar (Lair:2)
  2 boulder beetles
  3 hydras
  7 two-headed ogres
  4 centaur warriors
  Erica (Orc:1)
  Nergalle (D:12)
  A swamp dragon (Orc:2)
  4 deep elf pyromancers
  3 orc knights
  3 ugly things
  An orc sorcerer (Orc:2)
  3 elephants (Lair:4)
  A merfolk siren (Lair:4)
  Joseph (D:8)
  7 cane toads
  A gargoyle (D:8)
  3 unseen horrors
  A kobold demonologist (D:13)
  A rime drake (Lair:4)
  5 komodo dragons
  2 polar bears
  4 trolls
  Grinder (D:4)
  3 slime creatures (D:13)
  19 blink frogs (Lair:4)
  A shadow (D:11)
  A spriggan (Lair:4)
  3 wyverns
  2 wraiths
  Grum (D:8)
  9 yaks
  A steam dragon (Lair:5)
  3 basilisks
  Menkaure (Ossuary)
  Edmund (D:5)
  4 wargs
  2 nagas (Lair:4)
  8 water moccasins
  Duvessa (D:7)
  28 orc warriors
  3 black bears
  4 sky beasts
  3 necrophages
  6 ogres
  28 wolves
  6 centaurs
  2 phantoms
  3 kobold brigands
  8 bullfrogs
  2 scorpions
  Dowan (D:7)
  A water moccasin zombie (D:5)
  A wyvern skeleton (D:6)
  2 water moccasin skeletons (D:7)
  9 killer bees
  A troll skeleton (D:9)
  5 spriggan skeletons (D:9)
  3 howler monkeys
  4 centaur zombies
  3 jellies
  7 hounds
  2 bullfrog skeletons (D:5)
  3 centaur skeletons
  8 orc priests
  Natasha (thrice) (D:4)
  2 iguanas
  16 orc wizards
  A killer bee zombie (D:9)
  A hound zombie (D:5)
  3 mummies (Ossuary)
  3 gnolls (D:4)
  13 adders
  2 howler monkey skeletons (D:6)
  A white imp (D:5)
  A dart slug (D:1)
  79 orcs
  6 ball pythons
  8 endoplasms
  2 giant cockroaches (D:1)
  5 gnoll zombies (Ossuary)
  10 goblins
  11 hobgoblins
  5 jackals (D:4)
  4 quokkas
  8 bats
  3 frilled lizards (D:1)
  3 gnoll skeletons (Ossuary)
  2 goblin skeletons (Ossuary)
  A goblin zombie (Ossuary)
  2 hobgoblin skeletons (Ossuary)
  4 hobgoblin zombies (Ossuary)
  28 kobolds
  9 kobold skeletons (Ossuary)
  3 kobold zombies (Ossuary)
  2 orc skeletons (Ossuary)
  4 orc zombies (Ossuary)
  2 rats (D:1)
  7 rat skeletons (Ossuary)
  8 rat zombies (Ossuary)
529 creatures vanquished.

Vanquished Creatures (others)
  An orc priest (Orc:2)
  17 fungi
  85 plants
103 creatures vanquished.

Grand Total: 632 creatures vanquished

Table legend: (Time is in decaauts)
 A = Elapsed time spent in this place.
 B = Non-inter-level travel time spent in this place.
 C = Inter-level travel time spent in this place.
 D = Time resting spent in this place.
 E = Time spent auto-exploring this place.
 F = Levels seen in this place.
 G = Mean time per level.
                   A        B        C        D        E       F      G
               +--------+--------+--------+--------+--------+-----+--------+
         Total |  32146 |  30511 |   1635 |   8747 |  16565 |  24 | 1339.4 |
       Dungeon |  19996 |  19113 |    883 |   5535 |  10552 |  13 | 1538.2 |
        Temple |     85 |     76 |      9 |      0 |     68 |   1 |   85.0 |
          Lair |   7926 |   7208 |    718 |   1351 |   4840 |   6 | 1321.0 |
  Orcish Mines |   2575 |   2551 |     24 |   1057 |    799 |   2 | 1287.5 |
       Ossuary |   1207 |   1207 |      0 |    634 |    289 |   1 | 1207.0 |
        Bailey |    354 |    354 |      0 |    169 |     17 |   1 |  354.0 |
               +--------+--------+--------+--------+--------+-----+--------+

Top non-repeatable levels by time:
     D:9: 2173 daAuts
    D:10: 2099 daAuts
  Lair:5: 2043 daAuts
  Lair:4: 1994 daAuts
     D:8: 1906 daAuts
  Lair:2: 1652 daAuts
     D:5: 1604 daAuts
    D:13: 1581 daAuts
    D:11: 1511 daAuts
    D:12: 1478 daAuts
     D:1: 1431 daAuts
   Orc:2: 1391 daAuts
     D:3: 1355 daAuts
     D:6: 1299 daAuts
  Lair:1: 1293 daAuts

Table legend:
 A = Non-vault XP
 B = Vault XP
 C = Vault XP percentage of total XP
 D = Non-vault monster count
 E = Vault monster count
 F = Vault count percentage of total count
                 A         B        C        D         E       F
            +---------+---------+-------+---------+---------+-------
      Total |   46123 |   19528 |  29.7 |     332 |     197 |  37.2
            +---------+---------+-------+---------+---------+-------
        D:1 |      45 |       9 |  16.7 |      26 |       5 |  16.1
        D:2 |      65 |       0 |   0.0 |      10 |       0 |   0.0
        D:3 |     211 |       0 |   0.0 |      30 |       0 |   0.0
        D:4 |     645 |     356 |  35.6 |      19 |       8 |  29.6
        D:5 |     973 |     171 |  14.9 |      21 |       1 |   4.5
        D:6 |     515 |      43 |   7.7 |       8 |       1 |  11.1
        D:7 |     768 |    1285 |  62.6 |      20 |       7 |  25.9
        D:8 |    1036 |    1127 |  52.1 |      17 |       6 |  26.1
        D:9 |    2134 |     734 |  25.6 |      17 |       7 |  29.2
       D:10 |    1889 |     579 |  23.5 |      14 |      11 |  44.0
       D:11 |    2787 |       0 |   0.0 |       9 |       0 |   0.0
       D:12 |    5338 |    2714 |  33.7 |       9 |       7 |  43.8
       D:13 |    7624 |       0 |   0.0 |      14 |       0 |   0.0
     Lair:1 |    3083 |      85 |   2.7 |      17 |       1 |   5.6
     Lair:2 |    1185 |     894 |  43.0 |       5 |       1 |  16.7
     Lair:3 |    2572 |       0 |   0.0 |       9 |       0 |   0.0
     Lair:4 |    8818 |    1795 |  16.9 |      35 |       9 |  20.5
     Lair:5 |    4227 |       0 |   0.0 |      19 |       0 |   0.0
      Orc:1 |    2208 |     826 |  27.2 |      33 |       1 |   2.9
      Orc:2 |       0 |    6814 | 100.0 |       0 |      62 | 100.0
    Ossuary |       0 |     280 | 100.0 |       0 |      54 | 100.0
     Bailey |       0 |    1816 | 100.0 |       0 |      16 | 100.0
            +---------+---------+-------+---------+---------+-------
